[Event "Turkish Youth Championships 2023"]
[Site "Samsun"]
[Date "2023.05.25"]
[Round "9.20"]
[White "Hasirci, Ali Eren"]
[Black "Hasirci, Ozgur Deniz"]
[Result "1/2-1/2"]
[WhiteElo "1284"]
[BlackElo "1763"]
[PlyCount "108"]
[EventDate "2023.05.19"]
[EventType "swiss"]
[EventCountry "TUR"]
[TimeControl "5400+30"]
[WhiteClock "0:07:01"]

1. d4 Nf6 2. e3 d5 3. Nf3 c5 4. c3 Nc6 5. Bd3 e6 6. Nbd2 Bd6 7. O-O O-O 8. dxc5 Bxc5 9. e4 Be7 10. exd5 Nxd5 11. Nc4 Bf6 12. Re1 Qc7 13. Qe2 b6 14. Bd2 Nce7 15. Nce5 Ng6 16. Nxg6 hxg6 17. Be4 Bb7 18. Rad1 Rad8 19. c4 Ba6 20. b3 Nf4 21. Qe3 e5 22. g3 Ne6 23. Bc3 b5 24. cxb5 Bxb5 25. Rd5 Rxd5 26. Bxd5 Nc5 27. Bxe5 Bxe5 28. Nxe5 Qd6 29. Bc4 Bxc4 30. Nxc4 Qc6 31. Ne5 Qd6 32. b4 Na4 33. Qb3 Qd2 34. Rd1 Qe2 35. Qxa4 Qxe5 36. Qxa7 Qe2 37. Qa4 Rb8 38. a3 Qf3 39. Rb1 Ra8 40. Qb3 Rxa3 41. Qxf3 Rxf3 42. b5 Ra3 43. b6 Ra8 44. b7 Rb8 45. f4 Kf8 46. Kf2 Ke7 47. Ke3 Kd7 48. Kd4 Kc6 49. g4 Rxb7 50. Rxb7 Kxb7 51. Ke5 Kc7 52. g5 Kd7 53. f5 gxf5 54. Kxf5 Ke7 1/2-1/2